 Dungeon Crawl Stone Soup version 0.20.1-1-g8b1a95d (webtiles) character file.

354 manon the Cudgeler (level 6, -1/37 HPs)
             Began as a Gargoyle Fighter on Aug 21, 2017.
             Was an Initiate of Okawaru.
             Slain by an ogre
             ... wielding a +0 giant spiked club
              (11 damage)
             ... on level 4 of the Dungeon.
             The game lasted 00:12:56 (2525 turns).

manon the Cudgeler (Gargoyle Fighter)               Turns: 2525, Time: 00:12:57

Health: -1/37      AC: 12    Str: 20    XL:     6   Next: 62%
Magic:  6/6        EV:  7    Int: 10    God:    Okawaru [......]
Gold:   290        SH:  9    Dex:  9    Spells: 5/5 levels left

rFire    . . .     SeeInvis .   a - +0 flail
rCold    . . .     Gourm    .   c - +0 shield
rNeg     + . .     Faith    .   b - +0 scale mail
rPois    ∞         Spirit   .   (no helmet)
rElec    +         Reflect  .   (no cloak)
rCorr    .         Harm     .   x - +0 pair of gloves
MR       .....                  (no boots)
Stlth    ..........             (no amulet)
Regen    0.2/turn               (no ring)
MPRegen  0.1/turn               (no ring)

@: no status effects
A: negative energy resistance 1, electricity resistance, unbreathing,
petrification resistance, rot immunity, AC +4
a: Renounce Religion


You were on level 4 of the Dungeon.
You worshipped Okawaru.
Okawaru was noncommittal.
You were not hungry.

You visited 1 branch of the dungeon, and saw 4 of its levels.

You collected 290 gold pieces.

Inventory:

Hand Weapons
 a - a +0 flail (weapon)
 k - a +0 whip
 C - a +0 morningstar
Missiles
 t - 5 tomahawks (quivered)
Armour
 b - a +0 scale mail (worn)
 c - a +0 shield (worn)
 x - a +0 pair of gloves (worn)
Jewellery
 p - a cursed ring of teleportation {unknown}
 y - an uncursed ring of ice {unknown}
Scrolls
 e - 5 scrolls of identify
 g - 2 scrolls of fog
 l - 2 scrolls of amnesia {unknown}
 m - a scroll of magic mapping {unknown}
 n - a scroll of random uselessness {unknown}
 o - 2 scrolls of remove curse {unknown}
 r - a scroll of teleportation {unknown}
 u - 2 scrolls of blinking {unknown}
 A - a scroll of enchant armour {unknown}
 B - a scroll of enchant weapon {unknown}
Potions
 d - a potion of might
 i - a potion of lignification {unknown}
 q - a potion of heal wounds {unknown}
 v - a potion of cancellation {unknown}
 w - a potion of ambrosia {unknown}
 z - a potion of mutation {unknown}
Comestibles
 f - 4 bread rations
 h - 3 meat rations
 j - a royal jelly
 D - 5 chunks of flesh


   Skills:
 - Level 3.2 Fighting
 + Level 6.8 Maces & Flails
 - Level 3.2 Armour
 - Level 3.2 Shields


You had 5 spell levels left.
You didn't know any spells.

Dungeon Overview and Level Annotations

Branches:
Dungeon (4/15)             Temple (0/1) D:4

Altars:
Gozag
Makhleb
Okawaru
Trog
Uskayaw

Shops:
D:4 *


Innate Abilities, Weirdness & Mutations

You are resistant to torment.
Your stone body is resilient. (AC +4)
You are immune to poison.
You resist negative energy. (rN+)
You are resistant to electric shocks. (rElec)
You can survive without breathing.
You are immune to petrification.
You are immune to rotting.


Message History

The ogre hits you with a giant spiked club!!
Ouch! That really hurt!
The ogre looks more healthy.
The ogre hits you but does no damage.
Your shield prevents you from hitting the ogre.
The ogre is moderately wounded.
The ogre barely misses you.
You hit the ogre but do no damage.
The ogre is moderately wounded.
You block the ogre's attack.
You hit the ogre.
The ogre is heavily wounded.
The ogre hits you with a giant spiked club!
* * * LOW HITPOINT WARNING * * *
You hit the ogre.
The ogre is heavily wounded.
You barely miss the ogre.
The ogre is heavily wounded.
The ogre hits you with a giant spiked club!
You die...

#########################
.............†.@O........#
...........###......####....#
##≈≈.≈≈.≈.......P≈≈.......(#..#
≈≈≈≈≈≈≈≈≈≈..≈≈..≈≈≈.≈≈≈....(#.#
≈≈≈≈≈≈≈≈≈≈≈≈≈≈≈≈≈≈≈≈≈≈≈≈≈≈....
≈≈P≈≈≈≈≈≈≈≈≈≈≈≈≈≈≈≈≈≈≈≈≈≈..≈...
#..≈≈≈≈≈P≈≈P≈.≈≈≈≈≈≈≈≈≈≈≈≈≈P.≈..
≈≈...≈≈..≈≈.≈≈≈.≈≈≈PP≈≈≈≈≈≈≈≈(..
.............[...≈≈P≈≈≈≈≈≈≈≈


You could see an ogre.

Vanquished Creatures
  Menkaure (D:4)
  An ogre (D:4)
  2 hound skeletons (D:4)
  4 gnolls
  3 adders
  A worm (D:2)
  2 dart slugs (D:1)
  2 leopard geckos (D:2)
  2 orcs
  A giant cockroach (D:2)
  4 goblins
  6 hobgoblins
  6 jackals (D:1)
  4 kobolds
  6 bats
  3 frilled lizards
  A leopard gecko skeleton (D:4)
  12 rats
  A plant (D:4)
62 creatures vanquished.

Notes
Turn   | Place    | Note
-------+----------+-------------------------------------------
     0 | D:1      | manon the Gargoyle Fighter began the quest for the Orb.
     0 | D:1      | Reached XP level 1. HP: 14/14 MP: 1/1
    44 | D:1      | Reached XP level 2. HP: 16/19 MP: 2/2
   228 | D:1      | Reached skill level 3 in Maces & Flails
   488 | D:1      | Reached XP level 3. HP: 23/23 MP: 3/3
   705 | D:2      | Found a hide-covered altar of Uskayaw.
   706 | D:2      | Found a burning altar of Makhleb.
   706 | D:2      | Found an opulent altar of Gozag.
   707 | D:2      | Found a bloodstained altar of Trog.
   966 | D:2      | Reached skill level 4 in Maces & Flails
  1312 | D:3      | Reached XP level 4. HP: 28/28 MP: 4/4
  1444 | D:3      | Found an iron altar of Okawaru.
  1491 | D:3      | Became a worshipper of Warmaster Okawaru
  1729 | D:4      | Reached skill level 5 in Maces & Flails
  1729 | D:4      | Reached XP level 5. HP: 19/32 MP: 5/5
  2012 | D:4      | Found Yluoze's General Store.
  2036 | D:4      | Found a staircase to the Ecumenical Temple.
  2118 | D:4      | Noticed Menkaure
  2137 | D:4      | Killed Menkaure
  2137 | D:4      | Reached skill level 6 in Maces & Flails
  2137 | D:4      | Reached XP level 6. HP: 6/37 MP: 6/6
  2525 | D:4      | Slain by an ogre

Skill      XL: |  1  2  3  4  5 |
---------------+----------------+-----
Maces & Flails | 3 4 5 6 |  6.8
Fighting       | |  3.2
Armour         | |  3.2
Shields        | |  3.2

Action                   |  1- 3 |  4- 6 || total
-------------------------+-------+-------++-------
Melee: Flail             |   161 |    90 ||   251
Throw: Tomahawk          |       |     6 ||     6
       Javelin           |       |     5 ||     5
  Use: Scroll            |     1 |       ||     1
       Potion            |       |     1 ||     1
  Eat: Chunk             |     1 |     3 ||     4
       Royal jelly       |       |     1 ||     1
Armor: Scale mail        |    80 |    32 ||   112
Dodge: Dodged            |    56 |    22 ||    78
Block: Shield            |    92 |    38 ||   130
